Philadelphia Phantoms vs Rock Island Raccoons
Created - Friday, March 21, 2025 at 09:00
Goals
|
| Philadelphia Phantoms |
1 |
2 |
1 |
4 |
| Rock Island Raccoons |
0 |
2 |
5 |
7 |
|
Shots
|
| Philadelphia Phantoms |
7 |
14 |
20 |
41 |
| Rock Island Raccoons |
7 |
9 |
17 |
33 |
|
1st period
1. Philadelphia Phantoms , Reilly Walsh 1 (Egor Afanasyev 30, Tye Kartye 27) at 10:41 (PP)
Penalties :
Donovan Sebrango (RIR) for Slashing (Minor) at 4:37, Donovan Sebrango (RIR) for Interference (Minor) at 10:29, Jujhar Khaira (RIR) for Fighting (Major) at 11:07, Tyler Kleven (PHP) for Fighting (Major) at 11:07, Kyle Burroughs (RIR) for Slashing (Minor) at 16:45
2nd period
2. Philadelphia Phantoms , Alex Steeves 19 (Tye Kartye 28, Egor Afanasyev 31) at 3:04
3. Rock Island Raccoons , Phillip Di Giuseppe 10 (Ryan Carpenter 24, Erik Gustafsson 23) at 6:41 (PP)
4. Rock Island Raccoons , Jujhar Khaira 20 (Justin Schultz 18, Marco Scandella 18) at 10:14 (PP)
5. Philadelphia Phantoms , Nils Aman 12 (James Malatesta 21, Louis Crevier 14) at 17:23
Penalties :
Egor Afanasyev (PHP) for Tripping (Minor) at 6:04, Marcus Bjork (PHP) for Cross-checking (Minor) at 9:41, Matt Rempe (PHP) for Cross-checking (Minor) at 11:35, Ryan Winterton (PHP) for Delaying the game (Minor) at 18:25
3rd period
6. Rock Island Raccoons , Craig Smith 37 (Jujhar Khaira 30, Justin Schultz 19) at 0:27
7. Rock Island Raccoons , Darren Helm 3 (Justin Schultz 20, Phillip Di Giuseppe 16) at 3:25
8. Rock Island Raccoons , Pontus Holmberg 10 (AJ Greer 19, Erik Gustafsson 24) at 4:59
9. Rock Island Raccoons , Tyler Motte 13 (Kyle Burroughs 21, Jujhar Khaira 31) at 5:23 (PP)
10. Rock Island Raccoons , Tyler Motte 14 (Jujhar Khaira 32, Filip Chytil 5) at 12:50
11. Philadelphia Phantoms , Tye Kartye 17 (James Malatesta 22, Egor Afanasyev 32) at 15:59 (PP)
Penalties :
Tyler Kleven (PHP) for Hooking (Minor) at 5:05, Filip Chytil (RIR) for Fighting (Major) at 6:35, Alex Swetlikoff (PHP) for Fighting (Major) at 6:35, Luca Del Bel Belluz (PHP) for Holding (Minor) at 12:57, Alex Lyon (RIR) for Slashing (Minor) at 15:43 - Donovan Sebrango served the penalty, Michael Pezzetta (RIR) for Fighting (Major) at 16:00, James Malatesta (PHP) for Fighting (Major) at 16:00
Goalie Stats
Dennis Hildeby (PHP), 26 saves from 33 shots - (0.788), L, 15-8-3, 60:00 minutes
Alex Lyon (RIR), 37 saves from 41 shots - (0.902), W, 21-7-1, 60:00 minutes
Players Stats for Philadelphia Phantoms
Player Name G A P +/- PIM S H SB GA TA FO MP PP MP PK MP
------------------------------------------------------------------------------------
0 0 0 0 0 0 0 0 0 0 0/0 0:00 0:00 0:00
Adam Klapka 0 0 0 -2 0 1 3 1 1 0 6/11 15:31 0:00 3:24
Alex Steeves 1 0 1 1 0 3 3 0 1 1 0/1 14:31 2:09 0:00
Alex Swetlikoff 0 0 0 -2 5 1 0 0 0 0 1/2 11:39 0:10 0:01
Egor Afanasyev 0 3 3 0 2 6 1 0 0 0 14/25 19:33 2:17 3:41
James Malatesta 0 2 2 1 5 5 3 0 0 1 0/0 13:04 2:17 0:00
Jaret Anderson-Dolan 0 0 0 -1 0 3 3 1 0 0 0/1 14:39 0:00 3:24
Louis Crevier 0 1 1 1 0 3 0 3 0 0 0/0 24:39 2:18 3:42
Luca Del Bel Belluz 0 0 0 -1 2 0 1 0 0 1 7/10 14:59 1:59 0:20
Lukas Rousek 0 0 0 -1 0 1 1 0 0 0 0/0 11:14 0:00 0:00
Marcus Bjork 0 0 0 -2 2 1 0 2 0 0 0/0 23:16 2:08 3:43
Matt Rempe 0 0 0 -2 2 1 1 0 0 0 1/1 12:26 0:00 0:00
Nick Blankenburg 0 0 0 1 0 0 0 1 0 1 0/0 20:45 0:00 3:42
Nils Aman 1 0 1 0 0 4 1 0 0 0 1/2 16:05 0:00 4:00
Reilly Walsh 1 0 1 -2 0 4 0 3 0 3 0/0 23:29 2:08 3:43
Ryan Johnson 0 0 0 -1 0 2 0 1 0 0 0/0 16:06 2:18 0:00
Ryan Winterton 0 0 0 0 2 2 0 1 1 0 12/20 14:35 2:09 0:00
Tye Kartye 1 2 3 1 0 3 4 0 0 2 0/1 14:42 2:17 0:00
Tyler Kleven 0 0 0 -1 7 1 1 0 0 0 0/0 11:13 0:00 0:00
Players Stats for Rock Island Raccoons
Player Name G A P +/- PIM S H SB GA TA FO MP PP MP PK MP
------------------------------------------------------------------------------------
0 0 0 0 0 0 0 0 0 0 0/0 0:00 0:00 0:00
AJ Greer 0 1 1 0 0 3 2 1 1 0 0/0 13:46 0:02 0:04
Craig Smith 1 0 1 1 0 6 1 1 0 0 1/7 24:34 3:46 2:18
Darren Helm 1 0 1 0 0 1 1 1 0 1 0/0 13:06 0:00 0:00
Donovan Sebrango 0 0 0 2 4 0 0 0 0 0 0/0 12:24 0:00 0:20
Eric Robinson 0 0 0 2 0 2 1 2 0 1 0/0 15:25 0:00 0:00
Erik Gustafsson 0 2 2 -2 0 1 2 3 3 1 0/0 26:36 3:46 2:16
Filip Chytil 0 1 1 1 5 2 1 1 0 0 2/3 5:53 0:02 0:04
Jan Mysak 0 0 0 0 0 0 0 0 0 0 0/0 1:45 0:02 0:00
Jujhar Khaira 1 3 4 2 5 1 1 1 2 0 14/32 19:08 3:46 2:04
Justin Schultz 0 3 3 2 0 0 0 1 1 0 0/0 21:58 3:39 2:36
Karl Henriksson 0 0 0 0 0 0 0 0 0 0 2/7 5:27 0:00 0:00
Kyle Burroughs 0 1 1 -2 2 0 4 2 0 0 0/0 25:15 3:46 1:08
Marco Scandella 0 1 1 2 0 3 1 3 0 0 0/0 22:06 3:39 2:32
Michael Pezzetta 0 0 0 0 5 0 2 0 1 0 0/1 16:28 3:37 0:00
Phillip Di Giuseppe 1 1 2 0 0 3 2 0 0 0 0/0 17:44 3:37 0:00
Pontus Holmberg 1 0 1 0 0 2 0 0 0 0 3/7 13:06 0:00 0:00
Ryan Carpenter 0 1 1 0 0 4 2 0 1 0 10/17 19:48 3:37 2:04
Tyler Motte 2 0 2 2 0 5 2 0 0 0 0/0 20:59 3:46 2:18
3 Stars
1 - Tyler Motte (RIR)
2 - Jujhar Khaira (RIR)
3 - Tye Kartye (PHP)
Power Play
Philadelphia Phantoms - 2 on 4 Attempt(s) - 50.00%
Rock Island Raccoons - 3 on 6 Attempt(s) - 50.00%
Penalty Kill
Philadelphia Phantoms - 3 on 6 Attempt(s) - 50.00%
- Score 0 goal in Penalty Kill
Rock Island Raccoons - 2 on 4 Attempt(s) - 50.00%
- Score 0 goal in Penalty Kill
Team Stat
Philadelphia Phantoms - Hits : 22 - Faceoff Wins : 42 - Blocked Shots : 13 - Penalty Minutes : 27
Rock Island Raccoons - Hits : 22 - Faceoff Wins : 32 - Blocked Shots : 16 - Penalty Minutes : 23
Official
Referees : Dan O'Rourke and Ghislain Hebert
Linesman : Brad Kovachik and Justin Johnson
Game Notes
Jujhar Khaira and Tyler Kleven fight to a draw at 11:07 of 1st period
Alex Swetlikoff beats up Filip Chytil at 6:35 of 3rd period
Michael Pezzetta beats up James Malatesta at 16:00 of 3rd period
Philadelphia Phantoms
5 vs 5 Forward
Center Left Wing Right Wing Time % Phy DF OF
1 Egor Afanasyev Tye Kartye Alex Steeves 25 0 1 4
2 Luca Del Bel Belluz Jaret Anderson-Dolan Lukas Rousek 25 0 2 3
3 Ryan Winterton James Malatesta Nils Aman 25 0 2 3
4 Adam Klapka Alex Swetlikoff Matt Rempe 25 0 1 4
5 vs 5 Defense
Defense Defense Time % Phy DF OF
1 Reilly Walsh Marcus Bjork 35 0 3 2
2 Louis Crevier Nick Blankenburg 35 0 3 2
3 Ryan Johnson Tyler Kleven 30 0 3 2
4 Reilly Walsh Marcus Bjork 0 0 3 2
PowerPlay Forward
Center Left Wing Right Wing Time % Phy DF OF
1 Egor Afanasyev Tye Kartye James Malatesta 50 0 0 5
2 Luca Del Bel Belluz Alex Steeves Ryan Winterton 50 0 0 5
PowerPlay Defense
Defense Defense Time % Phy DF OF
1 Louis Crevier Ryan Johnson 50 0 1 4
2 Reilly Walsh Marcus Bjork 50 0 1 4
Penalty Kill 4 Players Forward
Center Wing Time % Phy DF OF
1 Adam Klapka Jaret Anderson-Dolan 50 0 5 0
2 Egor Afanasyev Nils Aman 50 0 5 0
Penalty Kill 4 Players Defense
Defense Defense Time % Phy DF OF
1 Reilly Walsh Marcus Bjork 50 0 5 0
2 Louis Crevier Nick Blankenburg 50 0 5 0
Penalty Kill - 3 Players Forward
Forward Time % Phy DF OF
1 Adam Klapka 50 0 5 0
2 Egor Afanasyev 50 0 5 0
Penalty Kill - 3 Players Defense
Defense Defense Time % Phy DF OF
1 Reilly Walsh Marcus Bjork 50 0 5 0
2 Louis Crevier Nick Blankenburg 50 0 5 0
4 vs 4 Forward
Center Wing Time % Phy DF OF
1 Egor Afanasyev Alex Steeves 50 0 1 4
2 Luca Del Bel Belluz Tye Kartye 50 0 2 3
4 vs 4 Defense
Defense Defense Time % Phy DF OF
1 Reilly Walsh Marcus Bjork 50 0 3 2
2 Louis Crevier Nick Blankenburg 50 0 3 2
Last Minutes Offensive
Center Left Wing Right Wing Defense Defense
Egor Afanasyev Tye Kartye Alex Steeves Louis Crevier Ryan Johnson
Last Minutes Defensive
Center Left Wing Right Wing Defense Defense
Egor Afanasyev Jaret Anderson-Dolan Adam Klapka Louis Crevier Nick Blankenburg
Goaltenders
Starting : Dennis Hildeby
Backup : Jared Moe
Extra Forwards
Normal : Egor Afanasyev, Luca Del Bel Belluz, Alex Swetlikoff - PP : Egor Afanasyev, Luca Del Bel Belluz - PK : Egor Afanasyev
Extra Defensemen
Normal : Louis Crevier, Ryan Johnson, Reilly Walsh - PP : Louis Crevier - PK : Louis Crevier, Ryan Johnson
Penalty Shots
Egor Afanasyev, Alex Steeves, Ryan Winterton, Adam Klapka, James Malatesta
Scratches
Albert Johansson (Healthy), Filip Cederqvist (Healthy), Tyrel Bauer (Healthy), Marcel Marcel (Healthy), Matthew Seminoff (Healthy)
Daniil Misyul (Healthy), Josh Lopina (Healthy), Isaac Poulter (Healthy), Colten Ellis (Healthy)
Rock Island Raccoons
5 vs 5 Forward
Center Left Wing Right Wing Time % Phy DF OF
1 Jujhar Khaira Tyler Motte Craig Smith 30 1 2 2
2 Ryan Carpenter Phillip Di Giuseppe Michael Pezzetta 30 1 2 2
3 Pontus Holmberg AJ Greer Darren Helm 25 1 2 2
4 Karl Henriksson Eric Robinson Craig Smith 15 1 2 2
5 vs 5 Defense
Defense Defense Time % Phy DF OF
1 Kyle Burroughs Erik Gustafsson 30 1 2 2
2 Justin Schultz Marco Scandella 30 1 2 2
3 Donovan Sebrango Eric Robinson 25 1 2 2
4 Kyle Burroughs Erik Gustafsson 15 1 2 2
PowerPlay Forward
Center Left Wing Right Wing Time % Phy DF OF
1 Jujhar Khaira Tyler Motte Craig Smith 50 1 2 2
2 Ryan Carpenter Phillip Di Giuseppe Michael Pezzetta 50 1 2 2
PowerPlay Defense
Defense Defense Time % Phy DF OF
1 Kyle Burroughs Erik Gustafsson 50 1 2 2
2 Justin Schultz Marco Scandella 50 1 2 2
Penalty Kill 4 Players Forward
Center Wing Time % Phy DF OF
1 Craig Smith Tyler Motte 50 1 2 2
2 Jujhar Khaira Ryan Carpenter 50 1 2 2
Penalty Kill 4 Players Defense
Defense Defense Time % Phy DF OF
1 Kyle Burroughs Erik Gustafsson 50 1 2 2
2 Justin Schultz Marco Scandella 50 1 2 2
Penalty Kill - 3 Players Forward
Forward Time % Phy DF OF
1 Craig Smith 50 1 2 2
2 Tyler Motte 50 1 2 2
Penalty Kill - 3 Players Defense
Defense Defense Time % Phy DF OF
1 Kyle Burroughs Erik Gustafsson 50 1 2 2
2 Justin Schultz Marco Scandella 50 1 2 2
4 vs 4 Forward
Center Wing Time % Phy DF OF
1 Craig Smith Tyler Motte 50 1 2 2
2 Jujhar Khaira Ryan Carpenter 50 1 2 2
4 vs 4 Defense
Defense Defense Time % Phy DF OF
1 Kyle Burroughs Erik Gustafsson 50 1 2 2
2 Justin Schultz Marco Scandella 50 1 2 2
Last Minutes Offensive
Center Left Wing Right Wing Defense Defense
Jujhar Khaira Tyler Motte Craig Smith Kyle Burroughs Erik Gustafsson
Last Minutes Defensive
Center Left Wing Right Wing Defense Defense
Jujhar Khaira Tyler Motte Craig Smith Kyle Burroughs Erik Gustafsson
Goaltenders
Starting : Alex Lyon
Backup : Ilya Samsonov
Extra Forwards
Normal : Filip Chytil, Jan Mysak, AJ Greer - PP : Filip Chytil, Jan Mysak - PK : AJ Greer
Extra Defensemen
Normal : Donovan Sebrango, Justin Schultz, Marco Scandella - PP : Donovan Sebrango - PK : Justin Schultz, Marco Scandella
Penalty Shots
Craig Smith, Tyler Motte, Jujhar Khaira, Ryan Carpenter, Michael Pezzetta
Scratches
Ronan Seeley (Healthy), Logan Stanley (Healthy), Brandon Coe (Healthy)
% Time on Ice - Philadelphia Phantoms
Lines # - Real PCT - Wanted PCT - Time Play
Normal Forward
1 - 25% - 25% - 12:01
2 - 25% - 25% - 12:00
3 - 25% - 25% - 12:02
4 - 25% - 25% - 12:06
Normal Defense
1 - 37% - 35% - 17:47
2 - 35% - 35% - 16:41
3 - 28% - 30% - 13:41
4 - 0% - 0% - 0:00
PP Forward
1 - 52% - 50% - 2:17
2 - 48% - 50% - 2:09
PP Defense
1 - 52% - 50% - 2:18
2 - 48% - 50% - 2:08
PK Forward
1 - 46% - 50% - 3:24
2 - 54% - 50% - 4:01
PK Defense
1 - 50% - 50% - 3:43
2 - 50% - 50% - 3:42
PK3 Forward
1 - 0% - 50%
2 - 0% - 50%
PK3 Defense
1 - 0% - 50%
2 - 0% - 50%
44 Forward
1 - 0% - 50%
2 - 0% - 50%
44 Defense
1 - 0% - 50%
2 - 0% - 50%
Last Minute Offensive - 0:00
Last Minute Defensive - 0:00
Total
Forward - 60:00
Defense - 60:00
|
% Time on Ice - Rock Island Raccoons
Lines # - Real PCT - Wanted PCT - Time Play
Normal Forward
1 - 31% - 30% - 14:55
2 - 30% - 30% - 14:41
3 - 27% - 25% - 13:06
4 - 11% - 15% - 5:27
Normal Defense
1 - 31% - 30% - 14:49
2 - 33% - 30% - 15:43
3 - 25% - 25% - 11:52
4 - 12% - 15% - 5:45
PP Forward
1 - 51% - 50% - 3:46
2 - 49% - 50% - 3:39
PP Defense
1 - 51% - 50% - 3:46
2 - 49% - 50% - 3:39
PK Forward
1 - 52% - 50% - 2:18
2 - 48% - 50% - 2:08
PK Defense
1 - 59% - 50% - 2:36
2 - 41% - 50% - 1:50
PK3 Forward
1 - 0% - 50%
2 - 0% - 50%
PK3 Defense
1 - 0% - 50%
2 - 0% - 50%
44 Forward
1 - 0% - 50%
2 - 0% - 50%
44 Defense
1 - 0% - 50%
2 - 0% - 50%
Last Minute Offensive - 0:00
Last Minute Defensive - 0:00
Total
Forward - 60:00
Defense - 60:00
|
Play-by-Play
1st period
0:01 of 1st period - Egor Afanasyev wins face-off versus Jujhar Khaira in neutral zone.
0:33 of 1st period - Slapshot by Jaret Anderson-Dolan.
0:33 of 1st period - Shot Misses the Net.
0:55 of 1st period - Wrist shot by AJ Greer.
0:55 of 1st period - Shot Misses the Net.
1:15 of 1st period - Slapshot by Eric Robinson.
1:15 of 1st period - Stopped by Dennis Hildeby without a rebound.
1:16 of 1st period - Luca Del Bel Belluz wins face-off versus Ryan Carpenter in Philadelphia Phantoms zone.
1:16 of 1st period - Luca Del Bel Belluz is hit by Phillip Di Giuseppe.
1:38 of 1st period - Icing by Michael Pezzetta.
1:39 of 1st period - Adam Klapka wins face-off versus Michael Pezzetta in Rock Island Raccoons zone.
2:04 of 1st period - Craig Smith is hit by Tye Kartye and loses puck.
2:20 of 1st period - Icing by Craig Smith.
2:21 of 1st period - Jujhar Khaira wins face-off versus Ryan Winterton in Rock Island Raccoons zone.
2:45 of 1st period - Icing by AJ Greer.
2:46 of 1st period - Karl Henriksson wins face-off versus Adam Klapka in Rock Island Raccoons zone.
3:19 of 1st period - Snap shot by Egor Afanasyev.
3:19 of 1st period - Shot Blocked by Marco Scandella.
4:02 of 1st period - Snap shot by Nils Aman.
4:02 of 1st period - Stopped by Alex Lyon without a rebound.
4:03 of 1st period - Ryan Winterton wins face-off versus Jujhar Khaira in Rock Island Raccoons zone.
4:12 of 1st period - Snap shot by Nils Aman.
4:12 of 1st period - Shot Misses the Net.
4:16 of 1st period - Snap shot by Nils Aman.
4:16 of 1st period - Shot Blocked by Eric Robinson.
4:37 of 1st period - Minor Penalty to Donovan Sebrango for Slashing.
4:38 of 1st period - Egor Afanasyev wins face-off versus Craig Smith in Rock Island Raccoons zone.
4:39 of 1st period - Wrist shot by James Malatesta.
4:39 of 1st period - Shot Misses the Net.
4:41 of 1st period - Slapshot by Reilly Walsh.
4:41 of 1st period - Stopped by Alex Lyon without a rebound.
4:42 of 1st period - Egor Afanasyev wins face-off versus Craig Smith in Rock Island Raccoons zone.
6:37 of 1st period - Penalty to Donovan Sebrango is over, Donovan Sebrango is back on ice.
6:53 of 1st period - Off-side.
6:54 of 1st period - Matt Rempe wins face-off versus Pontus Holmberg in neutral zone.
7:23 of 1st period - Snap shot by Michael Pezzetta.
7:23 of 1st period - Shot Blocked by Reilly Walsh.
7:39 of 1st period - Craig Smith is hit by Egor Afanasyev and loses puck.
8:06 of 1st period - Marco Scandella is hit by Adam Klapka and loses puck.
8:47 of 1st period - Backhand shot by Jujhar Khaira.
8:47 of 1st period - Shot Misses the Net.
10:11 of 1st period - Karl Henriksson is hit by James Malatesta and loses puck.
10:29 of 1st period - Minor Penalty to Donovan Sebrango for Interference.
10:30 of 1st period - Jujhar Khaira wins face-off versus Egor Afanasyev in Rock Island Raccoons zone.
10:39 of 1st period - Slapshot by Egor Afanasyev.
10:39 of 1st period - Shot Misses the Net.
10:41 of 1st period - Slapshot by Reilly Walsh.
10:41 of 1st period - Goal by Reilly Walsh - Philadelphia Phantoms : 1 - Rock Island Raccoons : 0.
10:42 of 1st period - Jujhar Khaira wins face-off versus Egor Afanasyev in neutral zone.
10:54 of 1st period - Wrist shot by Egor Afanasyev.
10:54 of 1st period - Stopped by Alex Lyon without a rebound.
10:55 of 1st period - Egor Afanasyev wins face-off versus Jujhar Khaira in Rock Island Raccoons zone.
11:07 of 1st period - Jujhar Khaira and Tyler Kleven fight to a draw.
11:07 of 1st period - Penalty to Jujhar Khaira for Fighting.
11:07 of 1st period - Penalty to Tyler Kleven for Fighting.
11:08 of 1st period - Filip Chytil wins face-off versus Ryan Winterton in Rock Island Raccoons zone.
11:19 of 1st period - Wrist shot by James Malatesta.
11:19 of 1st period - Stopped by Alex Lyon without a rebound.
11:20 of 1st period - Egor Afanasyev wins face-off versus Ryan Carpenter in Rock Island Raccoons zone.
11:35 of 1st period - Phillip Di Giuseppe is hit by Alex Steeves and loses puck.
11:57 of 1st period - Off-side.
11:58 of 1st period - Ryan Winterton wins face-off versus Pontus Holmberg in neutral zone.
12:03 of 1st period - Snap shot by Nils Aman.
12:03 of 1st period - Stopped by Alex Lyon without a rebound.
12:04 of 1st period - Pontus Holmberg wins face-off versus Ryan Winterton in Rock Island Raccoons zone.
12:13 of 1st period - Wrist shot by Pontus Holmberg.
12:13 of 1st period - Shot Blocked by Reilly Walsh.
12:15 of 1st period - Snap shot by AJ Greer.
12:15 of 1st period - Stopped by Dennis Hildeby without a rebound.
12:16 of 1st period - Adam Klapka wins face-off versus Filip Chytil in Philadelphia Phantoms zone.
12:16 of 1st period - Adam Klapka is hit by Tyler Motte.
12:36 of 1st period - Alex Swetlikoff is hit by Kyle Burroughs and loses puck.
13:28 of 1st period - Wrist shot by Craig Smith.
13:28 of 1st period - Shot Blocked by Louis Crevier.
14:35 of 1st period - Wrist shot by James Malatesta.
14:35 of 1st period - Stopped by Alex Lyon with a rebound.
14:49 of 1st period - Phillip Di Giuseppe is hit by Alex Steeves and loses puck.
15:13 of 1st period - Erik Gustafsson is hit by Tye Kartye and loses puck.
15:50 of 1st period - Icing by Nick Blankenburg.
15:51 of 1st period - Filip Chytil wins face-off versus Ryan Winterton in Philadelphia Phantoms zone.
15:56 of 1st period - Slapshot by Craig Smith.
15:56 of 1st period - Stopped by Dennis Hildeby with a rebound.
15:58 of 1st period - Slapshot by Marco Scandella.
15:58 of 1st period - Deflect By Craig Smith.
15:58 of 1st period - Stopped by Dennis Hildeby without a rebound.
15:59 of 1st period - Ryan Carpenter wins face-off versus Egor Afanasyev in Philadelphia Phantoms zone.
16:00 of 1st period - Wrist shot by Phillip Di Giuseppe.
16:00 of 1st period - Deflect By Michael Pezzetta.
16:00 of 1st period - Shot Blocked by Marcus Bjork.
16:00 of 1st period - Puck is out of play.
16:01 of 1st period - Ryan Carpenter wins face-off versus Egor Afanasyev in Philadelphia Phantoms zone.
16:04 of 1st period - Snap shot by Ryan Carpenter.
16:04 of 1st period - Stopped by Dennis Hildeby without a rebound.
16:05 of 1st period - Ryan Carpenter wins face-off versus Egor Afanasyev in Philadelphia Phantoms zone.
16:20 of 1st period - Slapshot by Ryan Carpenter.
16:20 of 1st period - Stopped by Dennis Hildeby with a rebound.
16:30 of 1st period - Wrist shot by Luca Del Bel Belluz.
16:30 of 1st period - Shot Misses the Net.
16:32 of 1st period - Wrist shot by Lukas Rousek.
16:32 of 1st period - Shot Misses the Net.
16:34 of 1st period - Snap shot by Marcus Bjork.
16:34 of 1st period - Shot Blocked by Erik Gustafsson.
16:36 of 1st period - Wrist shot by Jaret Anderson-Dolan.
16:36 of 1st period - Shot Misses the Net.
16:45 of 1st period - Minor Penalty to Kyle Burroughs for Slashing.
16:46 of 1st period - Luca Del Bel Belluz wins face-off versus Craig Smith in Rock Island Raccoons zone.
17:16 of 1st period - Wrist shot by Craig Smith.
17:16 of 1st period - Stopped by Dennis Hildeby without a rebound.
17:17 of 1st period - Egor Afanasyev wins face-off versus Craig Smith in Philadelphia Phantoms zone.
18:22 of 1st period - Icing by James Malatesta.
18:23 of 1st period - Ryan Winterton wins face-off versus Craig Smith in Philadelphia Phantoms zone.
18:45 of 1st period - Penalty to Kyle Burroughs is over, Kyle Burroughs is back on ice.
19:04 of 1st period - Slapshot by Phillip Di Giuseppe.
19:04 of 1st period - Shot Blocked by Adam Klapka.
19:32 of 1st period - Jujhar Khaira is hit by James Malatesta and loses puck.
Goals for this period are 1 for Philadelphia Phantoms vs 0 for Rock Island Raccoons.
Shots for this period are 7 for Philadelphia Phantoms vs 7 for Rock Island Raccoons.
2nd period
0:01 of 2nd period - Jujhar Khaira wins face-off versus Ryan Winterton in neutral zone.
0:31 of 2nd period - Ryan Carpenter is hit by Jaret Anderson-Dolan and loses puck.
0:36 of 2nd period - Wrist shot by Lukas Rousek.
0:36 of 2nd period - Shot Misses the Net.
0:48 of 2nd period - Slapshot by Matt Rempe.
0:48 of 2nd period - Shot Misses the Net.
0:50 of 2nd period - Snap shot by Alex Swetlikoff.
0:50 of 2nd period - Stopped by Alex Lyon with a rebound.
0:52 of 2nd period - Backhand shot by Alex Swetlikoff.
0:52 of 2nd period - Shot Misses the Net.
0:54 of 2nd period - Snap shot by Matt Rempe.
0:54 of 2nd period - Stopped by Alex Lyon without a rebound.
0:55 of 2nd period - Ryan Winterton wins face-off versus Jujhar Khaira in Rock Island Raccoons zone.
0:58 of 2nd period - Wrist shot by Ryan Winterton.
0:58 of 2nd period - Shot Misses the Net.
1:00 of 2nd period - Slapshot by Ryan Johnson.
1:00 of 2nd period - Deflect By Ryan Winterton.
1:00 of 2nd period - Shot Blocked by Marco Scandella.
1:00 of 2nd period - Puck is out of play.
1:01 of 2nd period - Ryan Winterton wins face-off versus Jujhar Khaira in Rock Island Raccoons zone.
1:28 of 2nd period - Off-side.
1:29 of 2nd period - Pontus Holmberg wins face-off versus Tye Kartye in neutral zone.
1:32 of 2nd period - Wrist shot by AJ Greer.
1:32 of 2nd period - Stopped by Dennis Hildeby with a rebound.
1:57 of 2nd period - Nick Blankenburg is hit by Ryan Carpenter and loses puck.
2:04 of 2nd period - Snap shot by Ryan Carpenter.
2:04 of 2nd period - Stopped by Dennis Hildeby without a rebound.
2:05 of 2nd period - Ryan Winterton wins face-off versus Karl Henriksson in Philadelphia Phantoms zone.
2:12 of 2nd period - Marco Scandella is hit by James Malatesta and loses puck.
2:20 of 2nd period - Icing by Justin Schultz.
2:21 of 2nd period - Egor Afanasyev wins face-off versus Karl Henriksson in Rock Island Raccoons zone.
2:24 of 2nd period - Wrist shot by Tye Kartye.
2:24 of 2nd period - Shot Misses the Net.
2:50 of 2nd period - Wrist shot by Luca Del Bel Belluz.
2:50 of 2nd period - Shot Misses the Net.
2:52 of 2nd period - Slapshot by Marcus Bjork.
2:52 of 2nd period - Deflect By Justin Schultz.
2:52 of 2nd period - Stopped by Alex Lyon with a rebound.
2:54 of 2nd period - Slapshot by Reilly Walsh.
2:54 of 2nd period - Stopped by Alex Lyon with a rebound.
2:56 of 2nd period - Wrist shot by Jaret Anderson-Dolan.
2:56 of 2nd period - Stopped by Alex Lyon without a rebound.
2:57 of 2nd period - Pontus Holmberg wins face-off versus Egor Afanasyev in Rock Island Raccoons zone.
3:02 of 2nd period - Snap shot by Tye Kartye.
3:02 of 2nd period - Shot Misses the Net.
3:04 of 2nd period - Slapshot by Alex Steeves.
3:04 of 2nd period - Goal by Alex Steeves - Philadelphia Phantoms : 2 - Rock Island Raccoons : 0.
3:05 of 2nd period - Luca Del Bel Belluz wins face-off versus Jujhar Khaira in neutral zone.
3:30 of 2nd period - Nick Blankenburg is hit by Kyle Burroughs and loses puck.
3:53 of 2nd period - Wrist shot by Matt Rempe.
3:53 of 2nd period - Shot Blocked by AJ Greer.
4:39 of 2nd period - Snap shot by Matt Rempe.
4:39 of 2nd period - Shot Misses the Net.
4:54 of 2nd period - Craig Smith is hit by Tye Kartye and loses puck.
5:03 of 2nd period - Wrist shot by Tye Kartye.
5:03 of 2nd period - Stopped by Alex Lyon with a rebound.
5:05 of 2nd period - Slapshot by Ryan Johnson.
5:05 of 2nd period - Shot Misses the Net.
5:07 of 2nd period - Slapshot by Tyler Kleven.
5:07 of 2nd period - Stopped by Alex Lyon without a rebound.
5:08 of 2nd period - Ryan Winterton wins face-off versus Ryan Carpenter in Rock Island Raccoons zone.
5:33 of 2nd period - Pontus Holmberg is hit by Luca Del Bel Belluz and loses puck.
5:54 of 2nd period - Slapshot by Reilly Walsh.
5:54 of 2nd period - Stopped by Alex Lyon with a rebound.
6:04 of 2nd period - Minor Penalty to Egor Afanasyev for Tripping.
6:05 of 2nd period - Luca Del Bel Belluz wins face-off versus Jujhar Khaira in Philadelphia Phantoms zone.
6:32 of 2nd period - Marcus Bjork is hit by Kyle Burroughs and loses puck.
6:41 of 2nd period - Wrist shot by Ryan Carpenter.
6:41 of 2nd period - Deflect By Phillip Di Giuseppe.
6:41 of 2nd period - Goal by Phillip Di Giuseppe - Philadelphia Phantoms : 2 - Rock Island Raccoons : 1.
6:42 of 2nd period - Ryan Winterton wins face-off versus Jujhar Khaira in neutral zone.
6:53 of 2nd period - Wrist shot by James Malatesta.
6:53 of 2nd period - Stopped by Alex Lyon without a rebound.
6:54 of 2nd period - Luca Del Bel Belluz wins face-off versus Jujhar Khaira in Rock Island Raccoons zone.
7:52 of 2nd period - Tyler Kleven is hit by Eric Robinson.
8:06 of 2nd period - Slapshot by Craig Smith.
8:06 of 2nd period - Shot Misses the Net.
8:08 of 2nd period - Snap shot by Filip Chytil.
8:08 of 2nd period - Shot Misses the Net.
8:28 of 2nd period - Snap shot by Egor Afanasyev.
8:28 of 2nd period - Stopped by Alex Lyon with a rebound.
8:34 of 2nd period - Slapshot by Egor Afanasyev.
8:34 of 2nd period - Shot Hit the Post.
8:36 of 2nd period - Snap shot by Tye Kartye.
8:36 of 2nd period - Shot Blocked by Justin Schultz.
9:14 of 2nd period - Wrist shot by James Malatesta.
9:14 of 2nd period - Stopped by Alex Lyon with a rebound.
9:16 of 2nd period - Slapshot by Ryan Winterton.
9:16 of 2nd period - Shot Misses the Net.
9:41 of 2nd period - Minor Penalty to Marcus Bjork for Cross-checking.
9:42 of 2nd period - Ryan Carpenter wins face-off versus Adam Klapka in Philadelphia Phantoms zone.
9:48 of 2nd period - Wrist shot by Phillip Di Giuseppe.
9:48 of 2nd period - Shot Blocked by Jaret Anderson-Dolan.
9:50 of 2nd period - Slapshot by Marco Scandella.
9:50 of 2nd period - Stopped by Dennis Hildeby with a rebound.
9:52 of 2nd period - Snap shot by Ryan Carpenter.
9:52 of 2nd period - Shot Blocked by Nick Blankenburg.
10:14 of 2nd period - Wrist shot by Jujhar Khaira.
10:14 of 2nd period - Goal by Jujhar Khaira - Philadelphia Phantoms : 2 - Rock Island Raccoons : 2.
10:15 of 2nd period - Jujhar Khaira wins face-off versus Luca Del Bel Belluz in neutral zone.
10:30 of 2nd period - Snap shot by Tyler Motte.
10:30 of 2nd period - Shot Blocked by Reilly Walsh.
11:03 of 2nd period - Louis Crevier is hit by AJ Greer and loses puck.
11:24 of 2nd period - Slapshot by Tyler Motte.
11:24 of 2nd period - Stopped by Dennis Hildeby without a rebound.
11:25 of 2nd period - Jujhar Khaira wins face-off versus Adam Klapka in Philadelphia Phantoms zone.
11:26 of 2nd period - Slapshot by Tyler Motte.
11:26 of 2nd period - Stopped by Dennis Hildeby without a rebound.
11:27 of 2nd period - Jujhar Khaira wins face-off versus Adam Klapka in Philadelphia Phantoms zone.
11:35 of 2nd period - Minor Penalty to Matt Rempe for Cross-checking.
11:36 of 2nd period - Jujhar Khaira wins face-off versus Nils Aman in Philadelphia Phantoms zone.
12:06 of 2nd period - Snap shot by Egor Afanasyev.
12:06 of 2nd period - Shot Misses the Net.
12:14 of 2nd period - Louis Crevier is hit by Phillip Di Giuseppe and loses puck.
13:35 of 2nd period - Penalty to Matt Rempe is over, Matt Rempe is back on ice.
13:44 of 2nd period - Luca Del Bel Belluz is hit by Filip Chytil and loses puck.
14:03 of 2nd period - Snap shot by Alex Steeves.
14:03 of 2nd period - Shot Misses the Net.
14:24 of 2nd period - AJ Greer is hit by Jaret Anderson-Dolan and loses puck.
14:52 of 2nd period - Craig Smith is hit by Tye Kartye.
15:02 of 2nd period - Snap shot by Louis Crevier.
15:02 of 2nd period - Stopped by Alex Lyon without a rebound.
15:03 of 2nd period - Jujhar Khaira wins face-off versus Ryan Winterton in Rock Island Raccoons zone.
15:08 of 2nd period - Backhand shot by Justin Schultz.
15:08 of 2nd period - Shot Blocked by Ryan Winterton.
15:14 of 2nd period - Marco Scandella is hit by Nils Aman and loses puck.
15:25 of 2nd period - Slapshot by Matt Rempe.
15:25 of 2nd period - Deflect By Adam Klapka.
15:25 of 2nd period - Shot Misses the Net.
15:25 of 2nd period - Puck is out of play.
15:26 of 2nd period - Ryan Carpenter wins face-off versus Alex Swetlikoff in Rock Island Raccoons zone.
16:20 of 2nd period - Wrist shot by Pontus Holmberg.
16:20 of 2nd period - Shot Blocked by Louis Crevier.
16:31 of 2nd period - Off-side.
16:32 of 2nd period - Ryan Winterton wins face-off versus Karl Henriksson in neutral zone.
16:45 of 2nd period - Wrist shot by Craig Smith.
16:45 of 2nd period - Stopped by Dennis Hildeby without a rebound.
16:46 of 2nd period - Egor Afanasyev wins face-off versus Ryan Carpenter in Philadelphia Phantoms zone.
17:21 of 2nd period - Wrist shot by James Malatesta.
17:21 of 2nd period - Shot Blocked by Erik Gustafsson.
17:23 of 2nd period - Wrist shot by Nils Aman.
17:23 of 2nd period - Goal by Nils Aman - Philadelphia Phantoms : 3 - Rock Island Raccoons : 2.
17:24 of 2nd period - Luca Del Bel Belluz wins face-off versus Jujhar Khaira in neutral zone.
17:26 of 2nd period - Off-side.
17:27 of 2nd period - Jujhar Khaira wins face-off versus Jaret Anderson-Dolan in neutral zone.
17:30 of 2nd period - Marcus Bjork is hit by Erik Gustafsson and loses puck.
18:05 of 2nd period - Phillip Di Giuseppe is hit by Adam Klapka and loses puck.
18:25 of 2nd period - Minor Penalty to Ryan Winterton for Delaying the game.
18:26 of 2nd period - Egor Afanasyev wins face-off versus Ryan Carpenter in Philadelphia Phantoms zone.
18:42 of 2nd period - Snap shot by Marco Scandella.
18:42 of 2nd period - Stopped by Dennis Hildeby without a rebound.
18:43 of 2nd period - Egor Afanasyev wins face-off versus Jujhar Khaira in Philadelphia Phantoms zone.
Goals for this period are 2 for Philadelphia Phantoms vs 2 for Rock Island Raccoons.
Shots for this period are 14 for Philadelphia Phantoms vs 9 for Rock Island Raccoons.
3rd period
0:01 of 3rd period - Ryan Carpenter wins face-off versus Egor Afanasyev in neutral zone.
0:06 of 3rd period - Reilly Walsh is hit by Michael Pezzetta and loses puck.
0:13 of 3rd period - Snap shot by Phillip Di Giuseppe.
0:13 of 3rd period - Stopped by Dennis Hildeby without a rebound.
0:14 of 3rd period - Jujhar Khaira wins face-off versus Adam Klapka in Philadelphia Phantoms zone.
0:25 of 3rd period - Penalty to Ryan Winterton is over, Ryan Winterton is back on ice.
0:27 of 3rd period - Snap shot by Craig Smith.
0:27 of 3rd period - Goal by Craig Smith - Philadelphia Phantoms : 3 - Rock Island Raccoons : 3.
0:28 of 3rd period - Jujhar Khaira wins face-off versus Egor Afanasyev in neutral zone.
0:35 of 3rd period - Snap shot by Craig Smith.
0:35 of 3rd period - Stopped by Dennis Hildeby with a rebound.
0:37 of 3rd period - Wrist shot by Craig Smith.
0:37 of 3rd period - Shot Misses the Net.
0:39 of 3rd period - Backhand shot by Marco Scandella.
0:39 of 3rd period - Stopped by Dennis Hildeby without a rebound.
0:40 of 3rd period - Jujhar Khaira wins face-off versus Luca Del Bel Belluz in Philadelphia Phantoms zone.
0:51 of 3rd period - Snap shot by Jaret Anderson-Dolan.
0:51 of 3rd period - Shot Blocked by Jujhar Khaira.
0:53 of 3rd period - Slapshot by Marcus Bjork.
0:53 of 3rd period - Shot Misses the Net.
0:55 of 3rd period - Snap shot by Jaret Anderson-Dolan.
0:55 of 3rd period - Stopped by Alex Lyon with a rebound.
1:16 of 3rd period - Ryan Carpenter is hit by Alex Steeves and loses puck.
1:37 of 3rd period - Slapshot by Ryan Winterton.
1:37 of 3rd period - Stopped by Alex Lyon without a rebound.
1:38 of 3rd period - Adam Klapka wins face-off versus Jujhar Khaira in Rock Island Raccoons zone.
1:41 of 3rd period - Wrist shot by Matt Rempe.
1:41 of 3rd period - Shot Blocked by Kyle Burroughs.
2:03 of 3rd period - Nick Blankenburg is hit by Michael Pezzetta and loses puck.
2:29 of 3rd period - Wrist shot by Ryan Winterton.
2:29 of 3rd period - Stopped by Alex Lyon with a rebound.
2:51 of 3rd period - Nick Blankenburg is hit by Craig Smith.
3:03 of 3rd period - Alex Swetlikoff is hit by Marco Scandella and loses puck.
3:10 of 3rd period - Ryan Carpenter is hit by Tyler Kleven and loses puck.
3:25 of 3rd period - Snap shot by Justin Schultz.
3:25 of 3rd period - Deflect By Darren Helm.
3:25 of 3rd period - Goal by Darren Helm - Philadelphia Phantoms : 3 - Rock Island Raccoons : 4.
3:26 of 3rd period - Ryan Winterton wins face-off versus Karl Henriksson in neutral zone.
3:43 of 3rd period - Off-side.
3:44 of 3rd period - Ryan Carpenter wins face-off versus Alex Steeves in neutral zone.
4:09 of 3rd period - Craig Smith is hit by Jaret Anderson-Dolan and loses puck.
4:18 of 3rd period - Snap shot by Luca Del Bel Belluz.
4:18 of 3rd period - Shot Misses the Net.
4:20 of 3rd period - Slapshot by Ryan Johnson.
4:20 of 3rd period - Deflect By Justin Schultz.
4:20 of 3rd period - Stopped by Alex Lyon with a rebound.
4:30 of 3rd period - Slapshot by AJ Greer.
4:30 of 3rd period - Shot Blocked by Ryan Johnson.
4:32 of 3rd period - Backhand shot by Pontus Holmberg.
4:32 of 3rd period - Stopped by Dennis Hildeby without a rebound.
4:33 of 3rd period - Adam Klapka wins face-off versus Pontus Holmberg in Philadelphia Phantoms zone.
4:44 of 3rd period - Marcus Bjork is hit by Erik Gustafsson and loses puck.
4:59 of 3rd period - Snap shot by Pontus Holmberg.
4:59 of 3rd period - Goal by Pontus Holmberg - Philadelphia Phantoms : 3 - Rock Island Raccoons : 5.
5:00 of 3rd period - Craig Smith wins face-off versus Ryan Winterton in neutral zone.
5:03 of 3rd period - Slapshot by Tyler Motte.
5:03 of 3rd period - Stopped by Dennis Hildeby with a rebound.
5:05 of 3rd period - Minor Penalty to Tyler Kleven for Hooking.
5:06 of 3rd period - Adam Klapka wins face-off versus Jujhar Khaira in Philadelphia Phantoms zone.
5:15 of 3rd period - Snap shot by Tyler Motte.
5:15 of 3rd period - Deflect By Craig Smith.
5:15 of 3rd period - Shot Misses the Net.
5:15 of 3rd period - Puck is out of play.
5:16 of 3rd period - Egor Afanasyev wins face-off versus Jujhar Khaira in Philadelphia Phantoms zone.
5:21 of 3rd period - Wrist shot by Jujhar Khaira.
5:21 of 3rd period - Shot Misses the Net.
5:23 of 3rd period - Wrist shot by Kyle Burroughs.
5:23 of 3rd period - Deflect By Tyler Motte.
5:23 of 3rd period - Goal by Tyler Motte - Philadelphia Phantoms : 3 - Rock Island Raccoons : 6.
5:24 of 3rd period - Egor Afanasyev wins face-off versus Jujhar Khaira in neutral zone.
6:35 of 3rd period - Slapshot by Adam Klapka.
6:35 of 3rd period - Stopped by Alex Lyon without a rebound.
6:35 of 3rd period - Alex Swetlikoff beats up Filip Chytil.
6:35 of 3rd period - Penalty to Filip Chytil for Fighting.
6:35 of 3rd period - Penalty to Alex Swetlikoff for Fighting.
6:36 of 3rd period - Jujhar Khaira wins face-off versus Egor Afanasyev in Rock Island Raccoons zone.
6:57 of 3rd period - Egor Afanasyev is hit by Tyler Motte and loses puck.
7:41 of 3rd period - Snap shot by Phillip Di Giuseppe.
7:41 of 3rd period - Stopped by Dennis Hildeby with a rebound.
8:15 of 3rd period - Tyler Motte is hit by Matt Rempe and loses puck.
8:24 of 3rd period - Slapshot by Matt Rempe.
8:24 of 3rd period - Shot Misses the Net.
9:11 of 3rd period - Slapshot by Justin Schultz.
9:11 of 3rd period - Shot Misses the Net.
9:54 of 3rd period - Snap shot by Phillip Di Giuseppe.
9:54 of 3rd period - Shot Misses the Net.
10:28 of 3rd period - Darren Helm is hit by Lukas Rousek and loses puck.
11:27 of 3rd period - Wrist shot by Nils Aman.
11:27 of 3rd period - Stopped by Alex Lyon with a rebound.
11:45 of 3rd period - Marco Scandella is hit by Adam Klapka.
12:25 of 3rd period - Icing by Filip Chytil.
12:26 of 3rd period - Alex Swetlikoff wins face-off versus Jujhar Khaira in Rock Island Raccoons zone.
12:41 of 3rd period - Alex Swetlikoff is hit by Jujhar Khaira and loses puck.
12:48 of 3rd period - Wrist shot by Tyler Motte.
12:48 of 3rd period - Shot Blocked by Louis Crevier.
12:50 of 3rd period - Slapshot by Tyler Motte.
12:50 of 3rd period - Deflect By Nick Blankenburg.
12:50 of 3rd period - Goal by Tyler Motte - Philadelphia Phantoms : 3 - Rock Island Raccoons : 7.
12:51 of 3rd period - Karl Henriksson wins face-off versus Luca Del Bel Belluz in neutral zone.
12:57 of 3rd period - Minor Penalty to Luca Del Bel Belluz for Holding.
12:58 of 3rd period - Adam Klapka wins face-off versus Ryan Carpenter in Philadelphia Phantoms zone.
13:06 of 3rd period - Wrist shot by Nils Aman.
13:06 of 3rd period - Shot Misses the Net.
13:08 of 3rd period - Snap shot by Egor Afanasyev.
13:08 of 3rd period - Stopped by Alex Lyon without a rebound.
13:09 of 3rd period - Ryan Carpenter wins face-off versus Egor Afanasyev in Rock Island Raccoons zone.
13:39 of 3rd period - Snap shot by Justin Schultz.
13:39 of 3rd period - Shot Hit the Post.
14:07 of 3rd period - Jaret Anderson-Dolan is hit by Kyle Burroughs and loses puck.
14:57 of 3rd period - Penalty to Luca Del Bel Belluz is over, Luca Del Bel Belluz is back on ice.
15:14 of 3rd period - Wrist shot by Darren Helm.
15:14 of 3rd period - Shot Misses the Net.
15:18 of 3rd period - Snap shot by AJ Greer.
15:18 of 3rd period - Stopped by Dennis Hildeby without a rebound.
15:19 of 3rd period - Egor Afanasyev wins face-off versus Pontus Holmberg in Philadelphia Phantoms zone.
15:19 of 3rd period - Egor Afanasyev is hit by AJ Greer.
15:43 of 3rd period - Snap shot by James Malatesta.
15:43 of 3rd period - Stopped by Alex Lyon without a rebound.
15:43 of 3rd period - Minor Penalty to Alex Lyon for Slashing.
15:44 of 3rd period - Egor Afanasyev wins face-off versus Craig Smith in Rock Island Raccoons zone.
15:53 of 3rd period - Slapshot by Tye Kartye.
15:53 of 3rd period - Stopped by Alex Lyon with a rebound.
15:55 of 3rd period - Snap shot by Egor Afanasyev.
15:55 of 3rd period - Stopped by Alex Lyon with a rebound.
15:57 of 3rd period - Wrist shot by James Malatesta.
15:57 of 3rd period - Shot Misses the Net.
15:59 of 3rd period - Wrist shot by Tye Kartye.
15:59 of 3rd period - Goal by Tye Kartye - Philadelphia Phantoms : 4 - Rock Island Raccoons : 7.
16:00 of 3rd period - Ryan Carpenter wins face-off versus Ryan Winterton in neutral zone.
16:00 of 3rd period - Michael Pezzetta beats up James Malatesta.
16:00 of 3rd period - Penalty to Michael Pezzetta for Fighting.
16:00 of 3rd period - Penalty to James Malatesta for Fighting.
16:01 of 3rd period - Ryan Winterton wins face-off versus Ryan Carpenter in neutral zone.
16:04 of 3rd period - Slapshot by Nick Blankenburg.
16:04 of 3rd period - Shot Blocked by Erik Gustafsson.
16:06 of 3rd period - Slapshot by Nick Blankenburg.
16:06 of 3rd period - Shot Blocked by Filip Chytil.
16:08 of 3rd period - Slapshot by Louis Crevier.
16:08 of 3rd period - Deflect By Egor Afanasyev.
16:08 of 3rd period - Stopped by Alex Lyon with a rebound.
16:10 of 3rd period - Slapshot by Nick Blankenburg.
16:10 of 3rd period - Shot Blocked by Kyle Burroughs.
16:12 of 3rd period - Wrist shot by Louis Crevier.
16:12 of 3rd period - Stopped by Alex Lyon without a rebound.
16:13 of 3rd period - Luca Del Bel Belluz wins face-off versus Jujhar Khaira in Rock Island Raccoons zone.
16:26 of 3rd period - Snap shot by Jaret Anderson-Dolan.
16:26 of 3rd period - Stopped by Alex Lyon with a rebound.
16:28 of 3rd period - Snap shot by Lukas Rousek.
16:28 of 3rd period - Stopped by Alex Lyon without a rebound.
16:29 of 3rd period - Ryan Carpenter wins face-off versus Egor Afanasyev in Rock Island Raccoons zone.
16:36 of 3rd period - Tye Kartye is hit by Ryan Carpenter and loses puck.
16:55 of 3rd period - Alex Steeves is hit by Darren Helm and loses puck.
17:04 of 3rd period - Slapshot by Louis Crevier.
17:04 of 3rd period - Stopped by Alex Lyon with a rebound.
17:06 of 3rd period - Backhand shot by Tye Kartye.
17:06 of 3rd period - Shot Misses the Net.
17:16 of 3rd period - Slapshot by Tye Kartye.
17:16 of 3rd period - Shot Blocked by Darren Helm.
17:20 of 3rd period - Snap shot by Egor Afanasyev.
17:20 of 3rd period - Shot Misses the Net.
17:22 of 3rd period - Snap shot by Egor Afanasyev.
17:22 of 3rd period - Stopped by Alex Lyon with a rebound.
17:24 of 3rd period - Snap shot by Alex Steeves.
17:24 of 3rd period - Shot Misses the Net.
17:26 of 3rd period - Snap shot by Alex Steeves.
17:26 of 3rd period - Stopped by Alex Lyon with a rebound.
17:28 of 3rd period - Wrist shot by Alex Steeves.
17:28 of 3rd period - Stopped by Alex Lyon without a rebound.
17:29 of 3rd period - Nils Aman wins face-off versus Karl Henriksson in Rock Island Raccoons zone.
17:32 of 3rd period - Snap shot by Ryan Winterton.
17:32 of 3rd period - Shot Blocked by Eric Robinson.
17:44 of 3rd period - Snap shot by Eric Robinson.
17:44 of 3rd period - Stopped by Dennis Hildeby with a rebound.
17:59 of 3rd period - Wrist shot by Adam Klapka.
17:59 of 3rd period - Shot Misses the Net.
18:19 of 3rd period - Slapshot by Jaret Anderson-Dolan.
18:19 of 3rd period - Deflect By Luca Del Bel Belluz.
18:19 of 3rd period - Shot Hit the Post.
18:19 of 3rd period - Puck is out of play.
18:20 of 3rd period - Ryan Winterton wins face-off versus Jujhar Khaira in Rock Island Raccoons zone.
18:27 of 3rd period - Slapshot by Nils Aman.
18:27 of 3rd period - Shot Blocked by Craig Smith.
18:29 of 3rd period - Backhand shot by Ryan Johnson.
18:29 of 3rd period - Stopped by Alex Lyon with a rebound.
18:31 of 3rd period - Slapshot by Tyler Kleven.
18:31 of 3rd period - Shot Blocked by Marco Scandella.
19:28 of 3rd period - Backhand shot by Ryan Carpenter.
19:28 of 3rd period - Stopped by Dennis Hildeby with a rebound.
19:30 of 3rd period - Snap shot by Filip Chytil.
19:30 of 3rd period - Stopped by Dennis Hildeby with a rebound.
19:32 of 3rd period - Slapshot by Filip Chytil.
19:32 of 3rd period - Stopped by Dennis Hildeby with a rebound.
19:34 of 3rd period - Snap shot by Justin Schultz.
19:34 of 3rd period - Shot Misses the Net.
19:52 of 3rd period - Slapshot by Erik Gustafsson.
19:52 of 3rd period - Stopped by Dennis Hildeby with a rebound.
19:54 of 3rd period - Snap shot by Pontus Holmberg.
19:54 of 3rd period - Shot Blocked by Marcus Bjork.
Goals for this period are 1 for Philadelphia Phantoms vs 5 for Rock Island Raccoons.
Shots for this period are 20 for Philadelphia Phantoms vs 17 for Rock Island Raccoons.
Back to the Top